Map: Lightshade LE

Players

SKillous - Winner!

  • Race: Protoss Protoss

BattleB

  • Race: Terran Terran

Event: DreamHack SC2 Masters 2021 Winter

VOD

Have the link to the VOD?

Description

Time

  • Played on: Sept. 29, 2021, 12:56 p.m.
  • Length: 7:00

All games in this series

Show
View Real Time Build Order
Export as new Build Order

SKillous Protoss - Winner!

Build Orders: Proxy Void Ray 

Get SALT Encoding   

  12  0:08  Pylon  
  12  0:13  Probe  
  13  0:26  Gateway  
  13  0:30  Probe (Chrono Boost)  
  14  0:39  Probe (Chrono Boost)  
  14  0:40  Assimilator  
  15  0:48  Assimilator, Probe  
  16  1:00  Probe  
  17  1:12  Probe  
  17  1:14  Cybernetics Core  
  17  1:17  Pylon  
  18  1:25  Probe  
  19  1:37  Probe  
  20  1:49  Probe  
  20  1:50  Adept (Chrono Boost), Stargate  
  23  1:56  Warp Gate  
  23  2:01  Probe  
  24  2:12  Adept  
  24  2:13  Probe  
  27  2:24  Void Ray (Chrono Boost)  
  27  2:31  Pylon  
  31  2:39  Pylon  
  31  2:54  Void Ray (Chrono Boost)  
  31  2:57  Pylon  
  31  3:03  Shield Battery  
  35  3:21  Shield Battery  
  35  3:22  Shield Battery  
  35  3:23  Shield Battery  
  35  3:31  Void Ray  
  37  4:04  Probe  
  36  4:14  Phoenix (Chrono Boost)  
  36  4:15  Nexus  
  38  4:17  Probe  
  39  4:33  Probe  
  39  4:36  Phoenix (Chrono Boost)  
  42  4:48  Probe  
  43  4:54  Phoenix  
  43  4:57  Pylon  
  45  5:00  Probe  
  46  5:12  Probe  
  45  5:19  Phoenix  
  43  5:24  Probe (Chrono Boost)  
  43  5:27  Shield Battery  
  44  5:29  Twilight Council  
  44  5:34  Probe (Chrono Boost)  
  46  5:36  Probe (Chrono Boost)  
  46  5:42  Probe (Chrono Boost)  
  47  5:43  Probe (Chrono Boost)  
  47  5:44  Phoenix  
  51  5:59  Probe (Chrono Boost)  
  51  6:02  Probe (Chrono Boost)  
  52  6:08  Gateway  
  52  6:09  Gateway, Phoenix  
  55  6:13  Probe x2 (Chrono Boost)  
  56  6:18  Pylon  
  56  6:22  Probe  
  57  6:27  Probe  
  58  6:33  Phoenix  
  58  6:34  Probe  
Show
View Real Time Build Order
Export as new Build Order

BattleB Terran 

Build Orders:  

Get SALT Encoding   

  12  0:00  SCV  
  13  0:12  SCV  
  14  0:17  Supply Depot  
  14  0:25  SCV  
  15  0:39  SCV  
  15  0:41  Barracks  
  15  0:42  Refinery  
  16  0:51  SCV  
  17  1:03  SCV  
  18  1:15  SCV  
  19  1:27  Marine  
  19  1:28  Orbital Command  
  20  1:39  Command Center  
  20  1:47  Barracks Reactor  
  20  1:49  Marine  
  20  1:52  Supply Depot  
  21  1:55  SCV  
  22  2:07  Factory  
  22  2:10  SCV  
  22  2:14  Marine  
  24  2:17  Refinery  
  25  2:22  SCV  
  25  2:27  Bunker  
  25  2:32  Marine  
  25  2:35  SCV  
  27  2:47  SCV  
  27  2:50  Marine  
  27  2:51  Factory Tech Lab  
  29  2:53  Orbital Command  
  29  3:02  SCV  
  30  3:08  Marine  
  30  3:12  Cyclone  
  34  3:15  Mag-Field Accelerator  
  32  3:20  SCV  
  32  3:26  Marine  
  30  3:30  SCV  
  30  3:31  Supply Depot  
  30  3:34  SCV  
  29  3:43  Marine  
  29  3:47  SCV, Cyclone  
  34  3:50  Orbital Command  
  34  3:59  SCV  
  32  4:11  SCV, Marine  
  32  4:12  Starport  
  34  4:19  Cyclone  
  34  4:22  Supply Depot  
  34  4:23  SCV  
  38  4:28  SCV  
  39  4:32  Supply Depot  
  39  4:35  SCV  
  40  4:44  SCV  
  41  4:48  Viking  
  41  4:49  SCV  
  44  4:58  Siege Tank, Marine  
  48  5:05  SCV x2  
  47  5:16  Marine  
  47  5:17  SCV  
  47  5:18  SCV  
  47  5:21  Viking  
  48  5:26  Supply Depot  
  47  5:32  Cyclone  
  50  5:38  SCV x2  
  50  5:40  Marine  
  53  5:48  Bunker  
  53  5:54  Viking  
  53  5:56  SCV  
  52  5:58  SCV  
  52  6:00  Marine  
  52  6:04  Cyclone  
  54  6:09  SCV  
  55  6:13  SCV  
  55  6:17  Marine  
  57  6:18  Supply Depot  
  57  6:21  Barracks  
  57  6:30  Viking  
  59  6:34  SCV  
  60  6:47  SCV  

Tags
 
Add a new tag
Caveats
  • Supply blocks, unpowered buildings, or Contaminate may cause inaccurate times.
  • Supply counts are checked every 10 seconds.